 Dungeon Crawl Stone Soup version 0.18.1-5-g4a78601 (console) character file.

1176 2d6 the Skirmisher (level 8, 0/67 HPs)
             Began as a Green Draconian Artificer on May 10, 2016.
             Was a Believer of Qazlal.
             Slain by an orc
             ... wielding a +0 hand axe
              (1 damage)
             ... on level 5 of the Dungeon on May 11, 2016.
             The game lasted 00:39:58 (5028 turns).

2d6 the Skirmisher (Green Draconian Artificer)      Turns: 5028, Time: 00:39:59

Health: 0/67       AC:  6    Str: 14    XL:     8   Next: 18%
Magic:  11/11      EV: 20    Int: 14    God:    Qazlal [**....]
Gold:   241        SH:  3    Dex: 17    Spells: 0 memorised, 7 levels left

rFire  . . .     SeeInvis .     q - +1 dagger (venom)
rCold  . . .     Gourm    .     (armour unavailable)
rNeg   + . .     Faith    .     (no shield)
rPois  +         Spirit   .     (helmet restricted)
rElec  .         Dismiss  .     (no cloak)
rCorr  .         Reflect  .     (no gloves)
SustAt +         Harm     .     (no boots)
MR     .....                    x - amulet of rage
Stlth  ++........               K - ring of positive energy
                                i - ring of sustain attributes

@: agile, not resistant to hostile enchantments, unstealthy
A: breathe noxious fumes, unfitting armour, poison resistance, cold-blooded, AC
+6
a: Breathe Noxious Fumes, Upheaval, Renounce Religion, Evoke Berserk Rage


You were on level 5 of the Dungeon.
You worshipped Qazlal.
Qazlal was pleased with you.
You were not hungry.

You visited 1 branch of the dungeon, and saw 6 of its levels.
You also visited: Sewer.

You collected 241 gold pieces.

Inventory:

Hand Weapons
 a - a +0 short sword
 n - a +0 dagger
 q - a +1 dagger of venom (weapon)
 C - a +0 blowgun
 J - a +0 war axe
 L - a cursed -3 dagger
Missiles
 p - 146 stones (quivered)
Jewellery
 i - a ring of sustain attributes (left hand)
 w - an uncursed ring of see invisible
 x - an amulet of rage (around neck)
 z - an uncursed amulet of inaccuracy
 K - a ring of positive energy (right hand)
Wands
 b - a wand of flame (5/48)
 c - a wand of enslavement (20/24)
 d - a wand of random effects (11/48)
 y - a wand of acid (5/15)
 E - a wand of iceblast (5/15)
Scrolls
 g - 2 scrolls of random uselessness
 m - 2 scrolls of noise
 o - a scroll of recharging
 s - a scroll of remove curse
 t - a scroll of magic mapping
 v - a scroll of amnesia
 D - a scroll of blinking
Potions
 e - 3 potions of curing
 h - 2 potions of lignification
 r - 2 potions of brilliance
 F - 3 potions of might
 I - a potion of flight
Books
 u - a book of Unlife

   Spells                             Type                      Level
   a - Recall                         Summoning/Translocation      3
   b - Animate Dead                   Necromancy                   4
   c - Control Undead                 Necromancy                   4
   d - Cigotuvi's Embrace             Necromancy                   5
   e - Death Channel                  Necromancy                   6
   f - Simulacrum                     Ice/Necromancy               6
Comestibles
 f - 3 bread rations
 l - a meat ration
 B - 3 chunks of flesh
 M - 2 fruits


   Skills:
 + Level 4.9 Fighting
 + Level 4.9 Short Blades
 + Level 4.8 Dodging
 - Level 1.4 Stealth
 + Level 4.1 Invocations
 - Level 4.0 Evocations


You had 7 spell levels left.
You didn't know any spells.

Dungeon Overview and Level Annotations

Branches:
Dungeon (6/15)             Temple (0/1) D:6

Altars:
Dithmenos
Elyvilon
Kikubaaqudgha
Nemelex Xobeh
Pakellas
Qazlal
Ru
Sif Muna
Trog
Yredelemnul


Innate Abilities, Weirdness & Mutations

You can breathe blasts of noxious fumes.
Your lurid green scales are hard (AC +6).
Your body does not fit into most forms of armour.
Your system is resistant to poisons.
You are cold-blooded and may be slowed by cold attacks.


Message History

Drink which item? (? for menu, Esc to quit)
It was a potion of magic.
Magic courses through your body. The hound completely misses you.
The orc hits you with a hand axe.
* * * LOW HITPOINT WARNING * * *
Drink which item? (? for menu, Esc to quit)
It was a potion of agility.
You feel agile all of a sudden. The hound closely misses you.
You block the hound's attack. You block the orc's attack. The hound bites you.
* * * LOW HITPOINT WARNING * * *
The hound misses you.
Evoke which item? (* to show all) (? for menu, Esc to quit)
Zapping:
c - a wand of enslavement (21/24)
Press: ? - help, Shift-Dir - straight line, f/p - centaur
Aim: a centaur, wielding a shortbow (chance to defeat MR: 54%)
The hound resists with significant effort.
This wand has 20 charges left.
The hound closely misses you. The orc hits you with a hand axe.
You die...

.. #.....#...##
...#..........+
..%......#.#..#
#.##.........#
###.##..(......#
.......(....#..###+
###................
#.##.....o...###
.......##ch@..#
######..######.#
..... .# ###.## #.
#.


You could see a centaur, a hound and an orc.

Vanquished Creatures
  The ghost of Ge0ff the Charmwright, an amateur VSSk (D:3)
  2 ice beasts (D:5)
  A phantom (D:4)
  An ogre (D:4)
  2 big kobolds (Sewer)
  5 orc priests
  2 orc wizards (D:4)
  2 iguanas
  3 worker ants
  9 adders
  2 river rats (Sewer)
  A shadow imp (D:5)
  6 oozes
  5 dart slugs
  A worm (D:4)
  4 giant geckos
  17 orcs
  4 giant cockroaches
  4 goblins
  7 hobgoblins
  4 quokkas
  3 ball pythons (Sewer)
  A ball python skeleton (D:4)
  4 bats
  3 giant newts
  8 kobolds
  10 rats
112 creatures vanquished.

Vanquished Creatures (collateral kills)
  A hound (D:5)
  A shadow imp (D:4)
  An orc (D:4)
  A ball python zombie (D:5)
4 creatures vanquished.

Grand Total: 116 creatures vanquished

Notes
Turn   | Place    | Note
--------------------------------------------------------------
     0 | D:1      | 2d6 the Draconian Artificer began the quest for the Orb.
     0 | D:1      | Reached XP level 1. HP: 16/16 MP: 3/3
   101 | D:1      | Reached skill level 1 in Stealth
   388 | D:1      | Reached XP level 2. HP: 20/23 MP: 4/4
  1135 | D:2      | Reached XP level 3. HP: 25/28 MP: 5/5
  1629 | D:2      | Found a stormy altar of Qazlal.
  2001 | D:2      | Became a worshipper of Qazlal Stormbringer
  2053 | D:3      | Noticed Ge0ff's ghost (amateur VSSk)
  2063 | D:3      | Killed Ge0ff's ghost
  2063 | D:3      | Reached XP level 4. HP: 21/37 MP: 6/6
  2063 | D:3      | Reached XP level 5. HP: 24/42 MP: 7/7
  2215 | D:3      | Found a glowing drain.
  2225 | Sewer    | Entered a sewer
  2799 | Sewer    | Reached * piety under Qazlal
  2875 | Sewer    | Reached skill level 1 in Invocations
  2875 | Sewer    | Reached XP level 6. HP: 35/51 MP: 9/9
  3911 | D:4      | Reached ** piety under Qazlal
  3914 | D:4      | Found a shadowy altar of Dithmenos.
  3917 | D:4      | HP: 2/52 [shadow imp/nerve-wracking pain (13)]
  3921 | D:4      | Your scales start taking on a lurid green colour.
  3921 | D:4      | Reached XP level 7. HP: 23/58 MP: 10/10
  3921 | D:4      | Gained mutation: Your system is resistant to poisons. [Green Draconian growth]
  4442 | D:4      | Found a deep blue altar of Sif Muna.
  4449 | D:4      | Found a bloodstained altar of Trog.
  4450 | D:4      | Found an oddly glowing altar of Pakellas.
  4450 | D:4      | Found a sacrificial altar of Ru.
  4451 | D:4      | Found a basalt altar of Yredelemnul.
  4451 | D:4      | Found a white marble altar of Elyvilon.
  4452 | D:4      | Found a sparkling altar of Nemelex Xobeh.
  4453 | D:4      | Found an ancient bone altar of Kikubaaqudgha.
  4759 | D:5      | Entered Level 5 of the Dungeon
  4794 | D:5      | Reached XP level 8. HP: 63/67 MP: 8/11
  4899 | D:6      | Found a staircase to the Ecumenical Temple.
  5025 | D:5      | HP: 1/67 [hound (4)]
  5028 | D:5      | Slain by an orc

Skill      XL: |  1  2  3  4  5  6  7  8 |
---------------+-------------------------+-----
Stealth        | 1 |  1.4
Dodging        | 2 3 4 |  4.8
Fighting       | 2 3 4 |  4.9
Short Blades   | 2 3 4 |  4.9
Evocations     | 4 |  4.0
Invocations    | 1 2 3 4 |  4.1

Action                   |  1- 3 |  4- 6 |  7- 9 || total
-------------------------+-------+-------+-------++-------
Melee: Short sword       |    58 |       |       ||    58
       Tailslap          |    12 |    28 |    15 ||    55
       Dagger            |    31 |   250 |   181 ||   462
Throw: Stone             |     9 |     1 |     2 ||    12
Invok: Upheaval          |       |       |     2 ||     2
 Abil: Breathe Noxious F |       |       |     4 ||     4
Evoke: Wand              |     5 |     3 |    10 ||    18
  Use: Potion            |       |     4 |     6 ||    10
       Scroll            |       |     3 |     5 ||     8
 Stab: Sleeping          |     2 |       |       ||     2
       Confused          |       |       |     2 ||     2
  Eat: Chunk             |     2 |     8 |     4 ||    14
       Fruit             |       |       |     1 ||     1
Armor: Skin              |    22 |    63 |    28 ||   113
Dodge: Dodged            |    56 |   119 |    96 ||   271
Block: Other             |       |     6 |    19 ||    25
